General information
- name: BNet
- type: Ladder team game (AT/RT)
- host: Battle.net
- saver: iggy_the_fisk
map: Goldshire
- players: 4
- length: 22:06
- speed: Fast
- version: 1.21 W3XP
- replay type:

» download(135 KB)
Players
team 1 (loser)
BRRJ_SWehGAY (
teal | 91 APM | 2007 actions | 22:02)
5 Death Knight
3 Death Coil
2 Unholy Aura
3 Lich
2 Frost Nova
1 Dark Ritual
» actions
| Assign group hotkey | 48 | |
| Basic commands | 23 | |
| Build / train | 72 | |
| ESC pressed | 3 | |
| Enter build submenu | 12 | |
| Enter hero's abilities submenu | 8 | |
| Give item / drop item | 1 | |
| Right click | 935 | |
| Select / deselect | 346 | |
| Select group hotkey | 447 | |
| Use ability | 112 | |
2007 total
» units
| Acolyte | 4 | |
| Ghoul | 2 | |
| Crypt Fiend | 12 | |
| Banshee | 4 | |
| Necromancer | 2 | |
| Frost Wyrm | 5 | |
29 total
» upgrades
| Creature Attack | 2 | |
| Burrow | 1 | |
| Banshee Training | 1 | |
| Creature Carapace | 1 | |
5 total
» buildings
| Graveyard | 1 | |
| Crypt | 1 | |
| Altar of Darkness | 1 | |
| Ziggurat | 5 | |
| Tomb of Relics | 1 | |
| Nerubian Tower | 1 | |
| Halls of the Dead | 1 | |
| Temple of the Damned | 1 | |
| Black Citadel | 1 | |
| Sacrificial Pit | 1 | |
| Boneyard | 1 | |
15 total
» build order
00:12 Graveyard
00:17 Crypt
00:43 Altar of Darkness
00:56 Ziggurat
01:56 Ziggurat
02:30 Tomb of Relics
02:42 Nerubian Tower
03:47 Ziggurat
05:27 Halls of the Dead
06:05 Ziggurat
08:31 Temple of the Damned
08:52 Ziggurat
10:42 Black Citadel
13:03 Sacrificial Pit
14:15 Boneyard
» items
| Rod of Necromancy | 9 | |
| Sacrificial Skull | 1 | |
| Scroll of Town Portal | 5 | |
| Scroll of Healing | 2 | |
| Scroll of Protection | 1 | |
| Potion of Lesser Invulnerability | 1 | |
| Orb of Corruption | 1 | |
| Potion of Healing | 1 | |
| Potion of Mana | 1 | |
22 total
Shinji(AT) (
blue | 102 APM | 2255 actions | 22:04)
5 Death Knight
3 Death Coil
1 Unholy Aura
1 Death Pact
1 Lich
1 Frost Nova
» actions
| Assign group hotkey | 277 | |
| Basic commands | 14 | |
| Build / train | 58 | |
| Enter build submenu | 14 | |
| Enter hero's abilities submenu | 6 | |
| Give item / drop item | 1 | |
| Right click | 931 | |
| Select / deselect | 304 | |
| Select group hotkey | 459 | |
| Use ability | 191 | |
2255 total
» units
| Acolyte | 6 | |
| Ghoul | 2 | |
| Crypt Fiend | 12 | |
| Obsidian Statue | 6 | |
26 total
» upgrades
| Burrow | 1 | |
| Web | 1 | |
| Destroyer Form | 1 | |
3 total
» buildings
| Graveyard | 1 | |
| Crypt | 1 | |
| Altar of Darkness | 1 | |
| Ziggurat | 5 | |
| Tomb of Relics | 1 | |
| Halls of the Dead | 3 | |
| Slaughterhouse | 1 | |
| Black Citadel | 2 | |
| Spirit Tower | 1 | |
16 total
» build order
00:12 Graveyard
00:14 Crypt
00:43 Altar of Darkness
00:58 Ziggurat
01:30 Tomb of Relics
02:01 Ziggurat
03:50 Ziggurat
04:41 Halls of the Dead
04:41 Halls of the Dead
05:35 Ziggurat
07:33 Slaughterhouse
11:14 Black Citadel
11:14 Black Citadel
13:42 Ziggurat
17:01 Spirit Tower
» items
| Rod of Necromancy | 4 | |
| Sacrificial Skull | 1 | |
| Scroll of Town Portal | 2 | |
| Potion of Healing | 6 | |
| Orb of Corruption | 1 | |
| Potion of Mana | 1 | |
15 total
team 2 (winner)

»
iggy_the_fisk (
yellow | 107 APM | 2369 actions | 22:06)
4 Archmage
2 Summon Water Elemental
2 Brilliance Aura
4 Mountain King
2 Storm Bolt
2 Bash
» actions
| Assign group hotkey | 173 | |
| Basic commands | 43 | |
| Build / train | 81 | |
| Enter build submenu | 20 | |
| Enter hero's abilities submenu | 8 | |
| Give item / drop item | 3 | |
| Remove unit from queue | 3 | |
| Right click | 1179 | |
| Select / deselect | 418 | |
| Select group hotkey | 330 | |
| Use ability | 111 | |
2369 total
» units
| Peasant | 12 | |
| Footman | 8 | |
| Sorceress | 4 | |
| Priest | 6 | |
| Spell Breaker | 11 | |
| Knight | 2 | |
| Rifleman | 3 | |
46 total
» upgrades
| Defend | 1 | |
| Sorceress Training | 1 | |
| Magic Sentry | 0 | |
| Priest Training | 1 | |
| Swords | 1 | |
| Plating | 1 | |
| Animal War Training | 1 | |
| Long Rifles | 1 | |
| Gunpowder | 1 | |
8 total
» buildings
| Altar of Kings | 1 | |
| Barracks | 1 | |
| Farm | 9 | |
| Keep | 4 | |
| Scout Tower | 1 | |
| Arcane Vault | 1 | |
| Arcane Tower | 1 | |
| Arcane Sanctum | 2 | |
| Castle | 1 | |
| Blacksmith | 1 | |
| Lumber Mill | 1 | |
| Town Hall | 1 | |
24 total
» build order
00:09 Altar of Kings
00:22 Barracks
00:35 Farm
01:04 Farm
01:34 Farm
02:39 Keep
02:40 Keep
02:40 Keep
02:53 Scout Tower
02:57 Arcane Vault
03:25 Arcane Tower
04:03 Farm
05:22 Arcane Sanctum
05:24 Arcane Sanctum
05:34 Farm
06:04 Farm
09:15 Castle
09:16 Farm
11:30 Farm
11:38 Blacksmith
12:00 Lumber Mill
12:18 Farm
14:09 Town Hall
» items
| Scroll of Regeneration | 2 | |
| Scroll of Town Portal | 3 | |
| Staff of Sanctuary | 1 | |
6 total

»
TIMG4STRok (
purple | 96 APM | 2122 actions | 22:05)
6 Paladin
3 Holy Light
2 Divine Shield
1 Devotion Aura
5 Mountain King
3 Storm Bolt
2 Bash
» actions
| Assign group hotkey | 23 | |
| Basic commands | 124 | |
| Build / train | 89 | |
| ESC pressed | 4 | |
| Enter build submenu | 21 | |
| Enter hero's abilities submenu | 11 | |
| Give item / drop item | 5 | |
| Right click | 761 | |
| Select / deselect | 276 | |
| Select group hotkey | 674 | |
| Use ability | 134 | |
2122 total
» units
| Peasant | 14 | |
| Footman | 10 | |
| Mortar Team | 7 | |
| Flying Machine | 10 | |
| Siege Engine | 1 | |
42 total
» upgrades
| Defend | 1 | |
| Flare | 1 | |
| Fragmentation Shards | 1 | |
| Lumber Harvesting | 1 | |
| Flak Cannons | 1 | |
| Masonry | 3 | |
| Gunpowder | 2 | |
| Armor | 1 | |
| Barrage | 1 | |
| Plating | 1 | |
13 total
» buildings
| Altar of Kings | 1 | |
| Barracks | 1 | |
| Farm | 8 | |
| Keep | 1 | |
| Blacksmith | 1 | |
| Workshop | 2 | |
| Lumber Mill | 1 | |
| Town Hall | 1 | |
| Scout Tower | 4 | |
| Castle | 1 | |
| Arcane Tower | 2 | |
| Guard Tower | 2 | |
| Arcane Vault | 1 | |
26 total
» build order
00:07 Altar of Kings
00:10 Barracks
00:13 Farm
00:52 Farm
01:29 Farm
03:01 Keep
03:27 Blacksmith
04:00 Farm
04:20 Farm
05:32 Workshop
05:38 Lumber Mill
06:49 Town Hall
08:07 Scout Tower
08:09 Scout Tower
08:14 Castle
08:37 Arcane Tower
08:41 Guard Tower
09:11 Scout Tower
09:12 Scout Tower
10:46 Workshop
10:53 Arcane Tower
10:55 Guard Tower
11:07 Farm
12:21 Arcane Vault
17:00 Farm
17:01 Farm
» items
| Lesser Clarity Potion | 2 | |
| Potion of Mana | 2 | |
| Potion of Healing | 3 | |
| Scroll of Town Portal | 3 | |
| Staff of Sanctuary | 1 | |
| Orb of Fire | 1 | |
| Scroll of Regeneration | 1 | |
| Boots of Speed | 1 | |
| Staff of Teleportation | 1 | |
15 total
Chat log
(00:30 / All) BRRJ_SWehGAY: gl hf :D
(20:16 / All) iggy_the_fisk: yes we all love frosties but you can leave